 Dungeon Crawl Stone Soup version 0.16-a0-1858-gba9b1e2 (webtiles) character file.

75 RobertPalmer the Insei (level 4, 29/32 HPs)
             Began as a Demonspawn Transmuter on Nov 4, 2014.
             Quit the game on level 2 of the Dungeon.
             The game lasted 00:03:09 (1136 turns).

RobertPalmer the Insei (Demonspawn Transmuter)      Turns: 1136, Time: 00:03:09

Health: 29/32      AC:  2    Str: 10    XL:     4   Next: 11%
Magic:  7/7        EV: 12    Int: 15    God:
Gold:   139        SH:  0    Dex: 14    Spells: 1 memorised, 6 levels left

rFire  . . .     SeeInvis .       - Unarmed
rCold  . . .     Clarity  .     c - +0 robe
rNeg   . . .     SustAb   .     (no shield)
rPois  .         Gourm    .     (helmet restricted)
rElec  .         Spirit   .     (no cloak)
rCorr  .         Warding  .     (no gloves)
rMut   .         Stasis   .     (no boots)
MR     .....                    (no amulet)
Stlth  +.........               (no ring)
                                (no ring)

@: not resistant to hostile enchantments, very unstealthy
A: antennae 1, mutation resistance 1, powered by death 2, placid magic 1
a: no special abilities


You were on level 2 of the Dungeon.
You were hungry.

You visited 1 branch of the dungeon, and saw 2 of its levels.

You collected 139 gold pieces.


Innate Abilities, Weirdness & Mutations

You have a pair of small antennae on your head.
You can steal the life force of defeated enemies.
You are somewhat resistant to further mutation.
Your spells are a little easier to cast, but a little less powerful.


   Skills:
 - Level 1.0 Fighting
 - Level 1.7 Dodging
 + Level 4.5 Unarmed Combat
 - Level 2.0 Spellcasting
 - Level 1.7 Transmutations


You had 6 spell levels left.
You knew the following spells:

 Your Spells              Type           Power        Failure   Level  Hunger
z - Beastly Appendage     Trmt           #.....       5%          1    #......

Inventory:

Missiles
 b - 12 arrows
Armour
 c - a +0 robe (worn)
 n - a +0 helmet
Jewellery
 s - an uncursed ring of fire {unknown}
Scrolls
 e - 2 scrolls of teleportation {unknown}
 f - a scroll of immolation {unknown}
 h - 3 scrolls of remove curse {unknown}
 i - 2 scrolls of magic mapping {unknown}
 k - 2 scrolls of enchant armour {unknown}
 m - a scroll of amnesia {unknown}
Potions
 j - a potion of mutation {!q}
 l - 2 potions of lignification {unknown}
 p - a potion of cure mutation {unknown}
 t - a potion of restore abilities {unknown}
Books
 d - a book of Changes
Comestibles
 a - 4 bread rations
 g - a beef jerky
 o - a royal jelly
 q - 3 chunks of flesh {@w1}
 r - a meat ration

Dungeon Overview and Level Annotations

Branches:
Dungeon (2/15)

Altars:
Sif Muna

#... #.....# #...#
###.#.### #...
##...#.### #...
#...)..... ##..S
###....÷....
##....###.......)...
#...##.†..##########
#...#..#### #..@S.##
#...### #...# #...#
##.## ##


You could see a ball python.


Message History

You barely miss the giant cockroach.
You feel sick. The giant cockroach closely misses you.
The giant cockroach barely misses you.
You barely miss the giant cockroach. The giant cockroach bites you.
* * * LOW HITPOINT WARNING * * *
You closely miss the giant cockroach. The giant cockroach barely misses you.
You closely miss the giant cockroach. The giant cockroach closely misses you.
You closely miss the giant cockroach.
You feel sick.
The giant cockroach bites you but does no damage.
You closely miss the giant cockroach. The giant cockroach barely misses you.
You barely miss the giant cockroach.
The giant cockroach bites you but does no damage.
You closely miss the giant cockroach.
The giant cockroach bites you but does no damage.
You closely miss the giant cockroach. The giant cockroach barely misses you.
You barely miss the giant cockroach.
You feel sick. The giant cockroach barely misses you.
You closely miss the giant cockroach. The giant cockroach closely misses you.
You hit the giant cockroach.
The giant cockroach is moderately wounded.
You are feeling hungry.
The giant cockroach barely misses you.
You hit the giant cockroach.
You kill the giant cockroach!
You feel sick.
You are no longer poisoned.
Things that are here:
a giant cockroach corpse; an adder corpse You feel less regenerative.
A ball python comes into view.
Are you sure you want to abandon this character and quit the game? (Confirm with "yes".)

Action                   |  1- 3 |  4- 6 || total
-------------------------+-------+-------++-------
Melee: Unarmed           |   177 |    13 ||   190
 Cast: Beastly Appendage |    19 |       ||    19
  Use: Potion            |     4 |       ||     4
  Eat: Chunk             |     1 |       ||     1

Vault maps used:
D:1:      eino_arrival_cavern_c, minmay_cupped
D:2:      lemuel_crystal_altar, uniq_iyjb

Notes
Turn   | Place    | Note
--------------------------------------------------------------
     0 | D:1      | RobertPalmer, the Demonspawn Transmuter, began the quest for the Orb.
     0 | D:1      | Reached XP level 1. HP: 15/15 MP: 3/3
    96 | D:1      | Reached skill level 3 in Unarmed Combat
   133 | D:1      | Gained mutation: You can steal the life force of nearby defeated enemies. [demonic ancestry]
   133 | D:1      | Reached XP level 2. HP: 14/21 MP: 4/4
   551 | D:2      | Gained mutation: You can steal the life force of defeated enemies. [demonic ancestry]
   551 | D:2      | Reached XP level 3. HP: 26/26 MP: 6/6
   612 | D:2      | Gained mutation: Your spells are a little easier to cast, but a little less powerful. [potion of mutation]
   612 | D:2      | Gained mutation: You are somewhat resistant to further mutation. [potion of mutation]
   619 | D:2      | Reached skill level 4 in Unarmed Combat
   960 | D:2      | Found a deep blue altar of Sif Muna.
  1107 | D:2      | Gained mutation: You have a pair of small antennae on your head. [demonic ancestry]
  1107 | D:2      | Reached XP level 4. HP: 9/32 MP: 7/7
  1136 | D:2      | Quit the game

Vanquished Creatures
  3 adders (D:2)
  A worm (D:2)
  4 giant cockroaches
  5 hobgoblins (D:1)
  2 quokkas (D:2)
  6 bats
  A giant gecko (D:1)
  3 giant newts
  3 goblins (D:1)
  9 kobolds
  6 rats
43 creatures vanquished.
